 Dungeon Sprint DCSS version 0.21.1-1-g345015f (webtiles) character file.

549 sankara the Basher (level 7, 0/60 HPs)
             Began as a Demonspawn Berserker on Apr 3, 2018.
             Was a Believer of Trog.
             Slain by a chaos spawn (4 damage)
             ... summoned by a kobold demonologist
             ... in the Dungeon (Sprint I: "Red Sonja").
             The game lasted 00:01:57 (904 turns).

sankara the Basher (Demonspawn Berserker)            Turns: 904, Time: 00:01:58

Health: 0/60       AC:  6    Str: 18    XL:     7   Next: 7%
Magic:  7/7        EV:  2    Int:  8    God:    Trog [**....]
Gold:   270        SH:  0    Dex: 14    Spells: 6/6 levels left

rFire    . . .     SeeInvis .   a - +0 mace
rCold    . . .     Gourm    .   (no shield)
rNeg     + + +     Faith    .   j - +0 leather armour
rPois    ∞         Spirit   .   (no helmet)
rElec    .         Reflect  .   (no cloak)
rCorr    .         Harm     .   (no gloves)
MR       .....     NoTele   +   (no boots)
Stlth    ++........             (no amulet)
HPRegen  0.20/turn              (no ring)
MPRegen  0.10/turn              (no ring)

@: lethally poisoned (0 -> 0), petrified, berserk cooldown, slowed
A: thin metallic scales 2, nightstalker 1
a: Berserk, Trog's Hand, Burn Spellbooks, Renounce Religion


You were in the Dungeon.
You worshipped Trog.
Trog was pleased with you.
You were not hungry.

You visited 1 branch You collected 270 gold pieces.

Inventory:

Hand Weapons
 a - a +0 mace (weapon)
Armour
 b - a +0 animal skin
 j - a +0 leather armour (worn)
   (You took it off Ijyb in the Dungeon)
Scrolls
 i - a scroll of blinking {!r}
Potions
 d - a potion of curing
 e - a potion of heal wounds
 f - a potion of haste
 g - 2 potions of magic
 h - a potion of berserk rage {!q}


   Skills:
 + Level 7.5 Fighting
 * Level 9.3 Maces & Flails
 + Level 6.4 Armour
 + Level 6.4 Dodging


You had 6 spell levels left.
You didn't know any spells.

Dungeon Overview and Level Annotations

Branches:
Dungeon (1/1)

Altars:
Makhleb
Xom
Jiyva
Lugonu


Innate Abilities, Weirdness & Mutations

You are mostly covered in thin metallic scales. (AC +3)
You are slightly more attuned to the shadows.


Message History

You start waiting.
You feel yourself speed up.
You start waiting.
You are starving!
You're too hungry to rest.
You eat the ration.
That ration really hit the spot!
You start waiting.
You recover from your berserk rage.
Your skin crawls.
You feel resistant to hostile enchantments.
You feel somewhat more hungry.
A red film seems to cover your vision as you go berserk!
You feel yourself moving faster!
You feel mighty!
You feel quite a bit more hungry.
The door flies open with a bang!
You feel a strong urge to attack something.
A floating eye and a kobold demonologist come into view.
The kobold demonologist shouts!
The floating eye turns its gaze towards you.
You hear a shout!
A kobold demonologist comes into view. It is wielding a dagger.
The kobold demonologist shouts!
The kobold demonologist mumbles some strange words.
The kobold demonologist begins to cast a cantrip, but forgets the words!
There is an open door here.
You hit the floating eye.
The floating eye is moderately wounded.
The floating eye seems to glare at you.
The kobold demonologist casts a spell.
You bludgeon the floating eye!!
You kill the floating eye!
Trog accepts your kill.
Your Maces & Flails skill increases to level 9!
You have reached level 7!
Your demonic ancestry asserts itself...
Thin metallic scales spread over more of your body.
Unknown command.
You sock the kobold demonologist!
The kobold demonologist is moderately wounded.
The kobold demonologist barely misses you.
The chaos spawn hits you.
You are engulfed in flames!
You closely miss the kobold demonologist.
The kobold demonologist is moderately wounded.
The kobold demonologist hits you but does no damage.
The kobold demonologist looks encouraged for a moment.
You barely miss the kobold demonologist.
The kobold demonologist is moderately wounded.
The chaos spawn gores you!
You are slowing down.
You barely miss the kobold demonologist.
The kobold demonologist is moderately wounded.
You feel the effects of Trog's Hand fading.
The kobold demonologist hits you but does no damage.
The chaos spawn hits you!
You sock the kobold demonologist!
The kobold demonologist is heavily wounded.
The kobold demonologist hits you but does no damage.
The chaos spawn hits you!
You are poisoned.
The chaos spawn poisons you!
Your limbs are stiffening.
You sock the kobold demonologist!
The kobold demonologist is severely wounded.
You feel sick.
The kobold demonologist mumbles some strange words.
The chaos spawn gores you!
The floor and the ceiling briefly switch places.
You have turned to stone.
The kobold demonologist mumbles some strange words.
The chaos spawn hits you!
You feel yourself slow down. The iron imp hits you.
The kobold demonologist hits you but does no damage.
The chaos spawn gores you but does no damage.
Your skin stops crawling.
You feel less resistant to hostile enchantments.
The iron imp hits you but does no damage.
The kobold demonologist hits you but does no damage.
The chaos spawn hits you!
You are engulfed in flames!
You are no longer berserk.
You feel as though you will be slow longer.
The kobold demonologist hits you with a dagger.
The kobold demonologist mumbles some strange words.
The iron imp hits you. The chaos spawn gores you.
* * * LOW HITPOINT WARNING * * *
You are engulfed in flames!
* * * LOW HITPOINT WARNING * * *
The shadow imp grins evilly.
The kobold demonologist hits you but does no damage.
The chaos spawn gores you.
* * * LOW HITPOINT WARNING * * *
The chaos spawn freezes you!
* * * LOW HITPOINT WARNING * * *
The iron imp hits you.
* * * LOW HITPOINT WARNING * * *
The kobold demonologist looks braver for a moment.
The chaos spawn hits you but does no damage.
The iron imp hits you.
* * * LOW HITPOINT WARNING * * *
The kobold demonologist hits you but does no damage.
The chaos spawn hits you!
You die...

#####################
))..#..'..#__#.5@4K4#
.#..').#..'..'..#K45#
###'#####+#__####555+
#..# #### #### ####


You could see a hellwing, an ice devil, 2 kobold demonologists, a chaos spawn,
an iron imp, a quasit, a white imp, a shadow imp and an ufetubus.

Vanquished Creatures
  A slime creature (D)
  Sigmund (D)
  A floating eye (D)
  An ogre (D)
  Ijyb (D)
5 creatures vanquished.

Notes
Turn   | Place    | Note
-------+----------+-------------------------------------------
     0 | D        | sankara the Demonspawn Berserker began the quest for the Orb.
     0 | D        | Reached XP level 1. HP: 18/18 MP: 1/1
     1 | D        | Noticed Ijyb
     7 | D        | HP: 2/18 [Ijyb/dagger (4)]
    10 | D        | Killed Ijyb
    10 | D        | Reached skill level 4 in Maces & Flails
    10 | D        | Reached skill level 2 in Armour
    10 | D        | Reached skill level 2 in Dodging
    10 | D        | Gained mutation: You are partially covered in thin metallic scales. (AC +2) [demonic ancestry]
    10 | D        | Reached XP level 2. HP: 5/25 MP: 2/2
   261 | D        | Noticed an ogre
   267 | D        | HP: 4/37 [ogre/giant club (21)]
   268 | D        | Killed an ogre
   268 | D        | Reached skill level 5 in Fighting
   268 | D        | Reached skill level 5 in Maces & Flails
   268 | D        | Reached skill level 4 in Armour
   268 | D        | Reached skill level 4 in Dodging
   268 | D        | Reached XP level 3. HP: 6/33 MP: 3/3
   268 | D        | Reached XP level 4. HP: 7/39 MP: 4/4
   513 | D        | Noticed Sigmund
   518 | D        | Killed Sigmund
   518 | D        | Reached ** piety under Trog
   518 | D        | Reached skill level 6 in Fighting
   518 | D        | Reached skill level 7 in Maces & Flails
   518 | D        | Reached skill level 5 in Armour
   518 | D        | Reached skill level 5 in Dodging
   518 | D        | Reached XP level 5. HP: 47/47 MP: 5/5
   574 | D        | Found a burning altar of Makhleb.
   574 | D        | Found a shimmering altar of Xom.
   574 | D        | Noticed a slime creature
   575 | D        | Found a viscous altar of Jiyva.
   575 | D        | Found a corrupted altar of Lugonu.
   584 | D        | HP: 9/70 [slime creature (10)]
   585 | D        | Killed a slime creature
   585 | D        | Reached skill level 7 in Fighting
   585 | D        | Reached skill level 8 in Maces & Flails
   585 | D        | Reached skill level 6 in Armour
   585 | D        | Reached skill level 6 in Dodging
   585 | D        | Gained mutation: You are slightly more attuned to the shadows. [demonic ancestry]
   585 | D        | Reached XP level 6. HP: 10/55 MP: 6/6
   888 | D        | Noticed a kobold demonologist
   888 | D        | Noticed a floating eye
   889 | D        | Noticed a kobold demonologist
   890 | D        | Noticed a chaos spawn
   891 | D        | Killed a floating eye
   891 | D        | Reached skill level 9 in Maces & Flails
   891 | D        | Gained mutation: You are mostly covered in thin metallic scales. (AC +3) [demonic ancestry]
   891 | D        | Reached XP level 7. HP: 60/60 MP: 7/7
   899 | D        | Noticed a hellwing
   901 | D        | HP: 15/60 [chaos spawn[a kobold demonologist] (3)]
   902 | D        | Noticed an ice devil
   902 | D        | HP: 7/60 [chaos spawn[a kobold demonologist] (7)]
   904 | D        | Slain by a chaos spawn

Skill      XL: |  1  2  3  4  5  6 |
---------------+-------------------+-----
Maces & Flails | 4 5 7 8 9 |  9.3
Armour         | 2 4 5 6 |  6.4
Dodging        | 2 4 5 6 |  6.4
Fighting       | 5 6 7 |  7.5

Action                   |  1- 3 |  4- 6 |  7- 9 || total
-------------------------+-------+-------+-------++-------
Melee: Mace              |    11 |    13 |     6 ||    30
Invok: Berserk           |     2 |     4 |       ||     6
       Trog's Hand       |       |     2 |       ||     2
  Eat: Chunk             |       |     3 |       ||     3
       Ration            |       |     1 |       ||     1
Armor: Animal skin       |     1 |       |       ||     1
       Leather armour    |       |     1 |     8 ||     9
Dodge: Dodged            |     2 |     2 |     1 ||     5

Vault maps used:
D:        dungeon_sprint_1

Table legend:
 A = Turns spent in this place as a percentage of turns spent in the entire game.
 B = Non-inter-level travel turns spent in this place as a percentage of non-inter-level travel turns spent in the entire game.
 C = Inter-level travel turns spent in this place as a percentage of turns spent in this place.
 D = Turns resting spent in this place as a percentage of non-inter-level travel turns spent in this place.
 E = Turns spent auto-exploring this place as a percentage of non-inter-level travel turns spent in this place.
 F = Non-inter-level travel turns spent in this place divided by the number of levels of this place that you've seen.
                   A       B       C       D       E      F
               +-------+-------+-------+-------+-------+----------------------
         Total | 100.0 | 100.0 |   0.0 |  87.4 |   0.0 | 904.0
       Dungeon | 100.0 | 100.0 |   0.0 |  87.4 |   0.0 | 904.0
               +-------+-------+-------+-------+-------+----------------------

Table legend:
 A = Kills in this place as a percentage of kills in entire the game.
 B = Kills by you in this place as a percentage of kills by you in the entire game.
 C = Kills by friends in this place as a percentage of kills by friends in the entire game.
 D = Other kills in this place as a percentage of other kills in the entire game.
 E = Experience gained in this place as a percentage of experience gained in the entire game.
 F = Experience gained in this place divided by the number of levels of this place that you have seen.
                   A       B       C       D       E      F
               +-------+-------+-------+-------+-------+----------------------
         Total | 100.0 | 100.0 |   N/A |   N/A | 100.0 | 785.0
       Dungeon | 100.0 | 100.0 |   N/A |   N/A | 100.0 | 785.0
               +-------+-------+-------+-------+-------+----------------------
